 Dungeon Crawl Stone Soup version 0.23.0 (webtiles) character file.

Game seed: 5026083730441531398

112 Amon001 the Poker (level 4, -2/38 HPs)
             Began as a Gnoll Wanderer on Feb 10, 2019.
             Was an Initiate of Dithmenos.
             Slain by a +0 hand axe (8 damage)
             ... on level 2 of the Dungeon.
             The game lasted 00:06:14 (1437 turns).

Amon001 the Poker (Gnoll Wanderer)                  Turns: 1437, Time: 00:06:15

Health: -2/38      AC: 12    Str: 15    XL:     4   Next: 93%
Magic:  8/8        EV: 10    Int: 20    God:    Dithmenos [......]
Gold:   60         SH:  0    Dex: 14    Spells: 9/9 levels left

rFire    . . .     SeeInvis .   e - +3 whip (drain)
rCold    . . .     Gourm    .   (no shield)
rNeg     . . .     Faith    .   l - +0 scale mail
rPois    .         Spirit   .   m - +0 helmet
rElec    .         Reflect  .   (no cloak)
rCorr    .         Harm     .   (no gloves)
MR       .....                  (no boots)
Stlth    ..........             (no amulet)
HPRegen  0.12/turn              k - +5 ring of protection
MPRegen  0.11/turn              (no ring)

@: brilliant, hasted, lightly drained, very quick
A: distributed training, fangs 1, strong nose
a: Renounce Religion


You were on level 2 of the Dungeon.
You worshipped Dithmenos.
Dithmenos was noncommittal.
You were not hungry.

You visited 1 branch of the dungeon, and saw 2 of its levels.

You collected 60 gold pieces.

Inventory:

Hand Weapons
 a - a +2 spear
 d - a +0 blowgun
 e - a +3 whip of draining (weapon)
Missiles
 c - 42 poisoned needles
Armour
 l - a +0 scale mail (worn)
 m - a +0 helmet (worn)
Jewellery
 k - a +5 ring of protection (left hand)
Scrolls
 b - 2 scrolls of teleportation
 n - a scroll of identify
Potions
 g - a potion of haste
 j - a potion of flight
Comestibles
 f - 4 rations


   Skills:
 + Level 4.7(4.2) Fighting
 + Level 1.2(0.8) Short Blades
 + Level 1.2(0.8) Long Blades
 + Level 1.2(0.8) Axes
 + Level 1.2(0.8) Maces & Flails
 + Level 4.7(4.2) Polearms
 + Level 1.2(0.8) Staves
 + Level 1.2(0.8) Slings
 + Level 1.2(0.8) Bows
 + Level 1.2(0.8) Crossbows
 + Level 2.8(2.3) Throwing
 + Level 1.2(0.8) Armour
 + Level 2.8(2.3) Dodging
 + Level 1.2(0.8) Stealth
 + Level 1.2(0.8) Shields
 + Level 1.2(0.8) Unarmed Combat
 + Level 3.0(2.5) Spellcasting
 + Level 2.3(1.8) Conjurations
 + Level 1.0(0.5) Hexes
 + Level 1.0(0.5) Charms
 + Level 1.0(0.5) Summonings
 + Level 1.0(0.5) Necromancy
 + Level 1.0(0.5) Translocations
 + Level 1.0(0.5) Transmutations
 + Level 1.0(0.5) Fire Magic
 + Level 2.3(1.8) Ice Magic
 + Level 1.0(0.5) Air Magic
 + Level 1.0(0.5) Earth Magic
 + Level 1.0(0.5) Poison Magic
 + Level 1.4(0.9) Invocations
 + Level 2.8(2.3) Evocations


You had 9 spell levels left.
You didn't know any spells.
Your spell library was empty.

Dungeon Overview and Level Annotations

Branches:
Dungeon (2/15)

Altars:
Dithmenos
Uskayaw

Annotations:
D:2 Sigmund


Innate Abilities, Weirdness & Mutations

Your experience applies equally to all skills.
You have very sharp teeth.
Your uncanny sense of smell can sniff out nearby items.


Message History

You hear a zap.
Some rock shatters into small pieces.
A hobgoblin comes into view. It is wielding a +0 club.
The +0 hand axe hits you!
* * * LOW HITPOINT WARNING * * *
It was a potion of flight.
You feel very buoyant.
You fly up into the air.
The +0 hand axe misses you.
You feel yourself speed up.
The +0 hand axe hits you but does no damage. x2
Sigmund zaps a wand.
Some rock shatters into small pieces.
You are starting to lose your buoyancy.
You hear a zap.
You hear a grinding noise.
You float gracefully downwards.
The +0 hand axe hits you but does no damage.
You see here a +0 club.
You see here a short sword.
There is a stone staircase leading up here.
The +0 hand axe hits you!
You die...

################
#............... # #.#
#######.############## ## #.#
#.............. .## #.#
#.#####...##..# ..# #.#
#.........##..# ..######.#
#<.............
.#.....#.#.#####........#
.#.....#.#.....(@.......#
##.....#.#####.#......###.#.#
#..............#.#........#.#
.......#.#.......#........#.#
.......#.#.)######..#####.#.#
.......#....)..........##.#.#
.......####.#.####.#.#.##.#.#
....###......)..##.#.#.##.#.#
....#
..###.###.##.#.#.##.#.#####


You could see a +0 hand axe.

Vanquished Creatures
  Terence (D:2)
  Robin (D:2)
  2 adders (D:2)
  An ooze (D:1)
  A worm (D:2)
  2 dart slugs (D:1)
  4 leopard geckos
  2 bats
  A giant cockroach (D:2)
  5 hobgoblins
  3 jackals (D:1)
  A frilled lizard (D:2)
  14 goblins
  4 kobolds (D:1)
  3 rats
45 creatures vanquished.

Notes
Turn   | Place    | Note
-------+----------+-------------------------------------------
     0 | D:1      | Amon001 the Gnoll Wanderer began the quest for the Orb.
     0 | D:1      | Amon001 set off with the following items: a +2 spear, a
                  | scroll of teleportation, 14 poisoned needles, a +0 blowgun,
                  | a +0 robe, a ration
     0 | D:1      | Reached XP level 1. HP: 20/20 MP: 4/4
    54 | D:1      | Reached XP level 2. HP: 11/26 MP: 5/5
   389 | D:1      | You fall through a shaft!
   389 | D:2      | Noticed Terence
   408 | D:2      | Killed Terence
   408 | D:2      | Reached skill level 1 in Invocations
   408 | D:2      | Reached XP level 3. HP: 31/31 MP: 7/7
   447 | D:2      | Reached skill level 1 in Short Blades
   447 | D:2      | Reached skill level 1 in Long Blades
   447 | D:2      | Reached skill level 1 in Axes
   447 | D:2      | Reached skill level 1 in Maces & Flails
   447 | D:2      | Reached skill level 1 in Staves
   447 | D:2      | Reached skill level 1 in Slings
   447 | D:2      | Reached skill level 1 in Bows
   447 | D:2      | Reached skill level 1 in Crossbows
   447 | D:2      | Reached skill level 1 in Armour
   447 | D:2      | Reached skill level 1 in Stealth
   447 | D:2      | Reached skill level 1 in Shields
   447 | D:2      | Reached skill level 1 in Unarmed Combat
   447 | D:2      | Reached XP level 4. HP: 38/38 MP: 8/8
   483 | D:2      | Noticed Robin
   517 | D:2      | Killed Robin
   614 | D:2      | Reached skill level 1 in Hexes
   614 | D:2      | Reached skill level 1 in Charms
   614 | D:2      | Reached skill level 1 in Summonings
   614 | D:2      | Reached skill level 1 in Necromancy
   614 | D:2      | Reached skill level 1 in Translocations
   614 | D:2      | Reached skill level 1 in Transmutations
   614 | D:2      | Reached skill level 1 in Fire Magic
   614 | D:2      | Reached skill level 1 in Air Magic
   614 | D:2      | Reached skill level 1 in Earth Magic
   614 | D:2      | Reached skill level 1 in Poison Magic
   618 | D:2      | Found a shadowy altar of Dithmenos.
   637 | D:2      | Became a worshipper of Dithmenos the Shadowed
  1345 | D:2      | Found a hide-covered altar of Uskayaw.
  1371 | D:2      | Noticed a +0 hand axe
  1371 | D:2      | Noticed a +0 hand axe
  1380 | D:2      | Noticed Sigmund
  1437 | D:2      | Slain by a +0 hand axe

Skill      XL: |  1  2  3  4 |
---------------+-------------+-----
Conjurations   | 2 |  2.3
Ice Magic      | 2 |  2.3
Invocations    | 1 |  1.4
Short Blades   | 1 |  1.2
Long Blades    | 1 |  1.2
Axes           | 1 |  1.2
Maces & Flails | 1 |  1.2
Staves         | 1 |  1.2
Slings         | 1 |  1.2
Bows           | 1 |  1.2
Crossbows      | 1 |  1.2
Armour         | 1 |  1.2
Stealth        | 1 |  1.2
Shields        | 1 |  1.2
Unarmed Combat | 1 |  1.2
Spellcasting   | 3 |  3.0
Hexes          | 1 |  1.0
Charms         | 1 |  1.0
Summonings     | 1 |  1.0
Necromancy     | 1 |  1.0
Translocations | 1 |  1.0
Transmutations | 1 |  1.0
Fire Magic     | 1 |  1.0
Air Magic      | 1 |  1.0
Earth Magic    | 1 |  1.0
Poison Magic   | 1 |  1.0
Fighting       | |  4.7
Polearms       | |  4.7
Throwing       | |  2.8
Dodging        | |  2.8
Evocations     | |  2.8

Action                   |  1- 3 |  4- 6 || total
-------------------------+-------+-------++-------
Melee: Spear             |    52 |    35 ||    87
       Bite              |     1 |    11 ||    12
       Whip              |       |    56 ||    56
 Fire: Blowgun           |     3 |       ||     3
  Use: Potion            |     1 |     3 ||     4
       Scroll            |     1 |       ||     1
 Stab: Sleeping          |     1 |       ||     1
  Eat: Chunk             |       |     2 ||     2
Armor: Robe              |     5 |       ||     5
       Scale mail        |       |    55 ||    55
Dodge: Dodged            |     7 |    45 ||    52
